 Dungeon Crawl Stone Soup version 0.21-a0-538-gd16b88a (webtiles) character file.

3607 Lanoc the Insei (level 9, -6/69 HPs)
             Began as a Demonspawn Transmuter on Dec 17, 2017.
             Was a Follower of Makhleb.
             Mangled by a cyan ugly thing (17 damage)
             ... on level 7 of the Dungeon.
             The game lasted 00:28:38 (7933 turns).

Lanoc the Insei (Demonspawn Transmuter)             Turns: 7933, Time: 00:28:38

Health: -6/69      AC:  6    Str: 15    XL:     9   Next: 86%
Magic:  15/18      EV: 22    Int: 16    God:    Makhleb [*.....]
Gold:   517        SH:  0    Dex: 21    Spells: 5/20 levels left

rFire    . . .     SeeInvis .     - Unarmed
rCold    . . .     Gourm    +   (no shield)
rNeg     + + .     Faith    .   F - +0 robe {rN+}
rPois    .         Spirit   .   (no helmet)
rElec    .         Reflect  .   (no cloak)
rCorr    .         Harm     .   l - +0 pair of gloves
MR       .....                  (no boots)
Stlth    +++.......             i - amulet of the gourmand
HPRegen  0.21/turn              K - ring of wizardry
MPRegen  0.16/turn              o - ring of positive energy

@: mighty, agile
A: thin metallic scales 2, powered by pain 1
a: Renounce Religion


You were on level 7 of the Dungeon.
You worshipped Makhleb.
Makhleb was aware of your devotion.
You were very full.

You visited 2 branches of the dungeon, and saw 8 of its levels.

You collected 517 gold pieces.

Inventory:

Hand Weapons
 L - the +2 flail "Biskuic" {venom, rElec rC- Dex+4}
   (You found it on level 6 of the Dungeon)

   It poisons the flesh of those it strikes.
   It affects your dexterity (+4).
   It makes you vulnerable to cold.
   It insulates you from electricity.
 Q - the +10 spear "Wetiul" {pain, rC+ Str+4 Int+2}
   (You found it on level 7 of the Dungeon)

   In the hands of one skilled in necromantic magic, it inflicts extra damage on
   living creatures.
   It affects your strength (+4).
   It affects your intelligence (+2).
   It protects you from cold.
Missiles
 a - 41 arrows
 y - 8 tomahawks (quivered)
Armour
 l - a +0 pair of gloves (worn)
 F - a +0 robe of positive energy (worn)
Jewellery
 f - an uncursed amulet of guardian spirit
 i - an amulet of the gourmand (around neck)
 o - a ring of positive energy (right hand)
 B - a +2 ring of strength
 K - a ring of wizardry (left hand)
Wands
 z - a wand of polymorph (10)
 E - a wand of digging (12)
 G - a wand of disintegration (12)
 I - a wand of clouds (4)
Scrolls
 b - a scroll of enchant weapon {unknown}
 k - 2 scrolls of fog
 m - 2 scrolls of remove curse
 p - a scroll of amnesia {unknown}
 v - 5 scrolls of identify
 A - a scroll of magic mapping {unknown}
 H - a scroll of summoning {unknown}
 M - a scroll of teleportation {unknown}
 N - a scroll of enchant armour {unknown}
Potions
 e - a potion of agility
 g - a potion of brilliance
 h - 2 potions of flight
 n - a potion of lignification
 r - 2 potions of magic
 s - a potion of invisibility
 u - 2 potions of haste
 w - 2 potions of curing
 D - a potion of mutation
 J - a potion of cancellation
 O - a potion of berserk rage {unknown}
Books
 c - a book of Changes

   Spells                             Type                      Level
   a - Beastly Appendage              Transmutation                1
   b - Sticks to Snakes               Transmutation                2
   c - Spider Form                    Transmutation/Poison         3
   d - Ice Form                       Ice/Transmutation            4
   e - Blade Hands                    Transmutation                5
Miscellaneous
 C - a lamp of fire
Comestibles
 d - 7 bread rations
 q - 8 meat rations
 t - 6 royal jellies
 x - 4 fruits
 P - 3 chunks of flesh


   Skills:
 + Level 6.3 Fighting
 + Level 6.0 Dodging
 + Level 6.3 Unarmed Combat
 + Level 6.1 Spellcasting
 + Level 6.0 Transmutations


You had 5 spell levels left.
You knew the following spells:

 Your Spells              Type           Power        Failure   Level  Hunger
a - Beastly Appendage     Tmut           ###...       1%          1    None
b - Sticks to Snakes      Tmut           ###.....     1%          2    #......
c - Spider Form           Tmut/Pois      ##........   4%          3    ##.....
d - Blade Hands           Tmut           ###.......   12%         5    ######.
e - Ice Form              Ice/Tmut       ##......     16%         4    ####...


Dungeon Overview and Level Annotations

Branches:
Dungeon (7/15)             Temple (1/1) D:4

Altars:
Ashenzari
Cheibriados
Dithmenos
Elyvilon
Fedhas
Gozag
Hepliaklqana
Kikubaaqudgha
Makhleb
Nemelex Xobeh
Okawaru
Qazlal
Ru
Sif Muna
Uskayaw
Vehumet
Xom
Yredelemnul
Zin
The Shining One
Lugonu

Annotations:
D:7 1 transporter


Innate Abilities, Weirdness & Mutations

You are mostly covered in thin metallic scales. (AC +3)
You sometimes gain a little power by taking damage.


Message History

The cyan ugly thing basks in the mutagenic energy from its kin and changes!
You barely miss the white ugly thing. You slash the white ugly thing!
The white ugly thing is heavily wounded.
The small abomination closely misses you.
The cyan ugly thing bites you! The cyan ugly thing shocks you!
* * * LOW HITPOINT WARNING * * *
The small abomination hits you!
* * * LOW HITPOINT WARNING * * *
Okay, then.
You feel much better.
Your hands revert to their normal proportions.
Your +0 pair of gloves unmelds from your body.
The small abomination hits you!
* * * LOW HITPOINT WARNING * * *
You focus on the pain.
You feel agile all of a sudden. The cyan ugly thing bites you!
* * * LOW HITPOINT WARNING * * *
The cyan ugly thing shocks you!
You die...

#####..###############..#########
......## ######.......... #####.#
# ##..###.######### ......# .©#
#..©.##.# #### ##....# #..
##....##.# #... ...(..#
#...###....###.# #.#. #.....##
#.......#####.# #.#.
#......#####.:$xu#####..######.#.
#......©.###.)xu@###.©.........#.
#...#..#####.)?ux#####..#########
#####)## #.....x. ##.# #.....
#.....# #...###... #.# #.####
..###.# #..# ##..# #.# #.#...
..#.(<# ..## ##. #.# #.#.##
..#.#.# #. .# #.# #.#.# ....#.##
###.# #.#.#
.####..###############..####.#.##


You could see 3 ugly things and 4 small abominations.

Vanquished Creatures
  A hippogriff (D:7)
  2 small abominations (D:7)
  Sigmund (D:2)
  A yak (D:7)
  3 hogs (D:7)
  A human (D:7)
  The ghost of Lanoc the Skirmisher, an amateur DsCK of Xom (D:4)
  Edmund (D:5)
  A black bear (D:6)
  3 ogres
  A phantom (D:7)
  A big kobold (D:6)
  4 bullfrogs
  A water moccasin zombie (D:6)
  3 scorpions
  3 killer bees (D:7)
  3 wights (D:7)
  2 howler monkeys
  3 crimson imps (D:7)
  A centaur zombie (D:7)
  A centaur skeleton (D:7)
  2 orc wizards
  A bullfrog skeleton (D:6)
  An orc priest (D:7)
  2 iguanas
  Natasha (thrice) (D:2)
  7 worker ants
  A statue (D:6)
  A hound zombie (D:7)
  4 adders
  12 gnolls
  2 shadow imps (D:6)
  An ooze (D:6)
  2 worms
  3 dart slugs
  2 leopard geckos
  10 orcs
  14 bats
  6 giant cockroaches
  5 hobgoblins
  3 jackals (D:1)
  4 ball pythons
  7 frilled lizards
  9 goblins
  12 kobolds
  2 leopard gecko skeletons
  A quokka skeleton (D:4)
  7 rats
162 creatures vanquished.

Notes
Turn   | Place    | Note
-------+----------+-------------------------------------------
     0 | D:1      | Lanoc the Demonspawn Transmuter began the quest for the Orb.
     0 | D:1      | Reached XP level 1. HP: 15/15 MP: 3/3
   173 | D:1      | Gained mutation: You are partially covered in thin metallic scales. (AC +2) [demonic ancestry]
   173 | D:1      | Reached XP level 2. HP: 16/21 MP: 5/5
   687 | D:1      | Learned a level 2 spell: Sticks to Snakes
   716 | D:1      | Reached XP level 3. HP: 25/26 MP: 4/6
  1117 | D:2      | Learned a level 3 spell: Spider Form
  1768 | D:2      | Reached XP level 4. HP: 33/33 MP: 3/7
  1797 | D:2      | Noticed Natasha
  1812 | D:2      | Killed Natasha
  1927 | D:2      | Found a deep blue altar of Sif Muna.
  1931 | D:2      | Noticed Sigmund
  1952 | D:2      | Killed Sigmund
  1952 | D:2      | Gained mutation: You are mostly covered in thin metallic scales. (AC +3) [demonic ancestry]
  1952 | D:2      | Reached XP level 5. HP: 17/39 MP: 2/9
  2241 | D:2      | Found a shadowy altar of Dithmenos.
  2406 | D:2      | Noticed Natasha
  2419 | D:2      | Killed Natasha
  2419 | D:2      | Reached XP level 6. HP: 27/46 MP: 10/10
  2550 | D:2      | Noticed Natasha
  2561 | D:2      | Killed Natasha
  2575 | D:2      | Learned a level 5 spell: Blade Hands
  2589 | D:2      | Found a glowing silver altar of Zin.
  3074 | D:3      | You fall through a shaft!
  3462 | D:4      | Noticed Lanoc's ghost (amateur DsCK)
  3482 | D:4      | Reached XP level 7. HP: 31/52 MP: 6/12
  3641 | D:4      | Killed Lanoc's ghost
  3796 | D:4      | Found a shattered altar of Ashenzari.
  3833 | D:4      | Found a staircase to the Ecumenical Temple.
  3867 | D:4      | Found a stormy altar of Qazlal.
  3901 | Temple   | Entered the Ecumenical Temple
  4127 | Temple   | Became a worshipper of Makhleb the Destroyer
  4247 | D:4      | Found a hazy altar of Hepliaklqana.
  4409 | D:5      | Entered Level 5 of the Dungeon
  4412 | D:5      | Noticed Edmund
  4423 | D:5      | Killed Edmund
  4772 | D:5      | Found a shattered altar of Ashenzari.
  4935 | D:5      | Found a sparkling altar of Nemelex Xobeh.
  5139 | D:5      | Gained mutation: You sometimes gain a little power by taking damage. [demonic ancestry]
  5139 | D:5      | Reached XP level 8. HP: 60/60 MP: 10/14
  5764 | D:5      | Learned a level 4 spell: Ice Form
  5809 | D:6      | Found a hide-covered altar of Uskayaw.
  5812 | D:6      | Noticed an enchanted dagger
  5813 | D:6      | Noticed a hand axe
  6018 | D:6      | Reached skill level 5 in Unarmed Combat
  6122 | D:6      | Got a pitted flail
  6123 | D:6      | Identified the cursed +2 flail "Biskuic" {venom, rElec rC- Dex+4} (You found it on level 6 of the Dungeon)
  6607 | D:6      | Found a radiant altar of Vehumet.
  6770 | D:6      | Reached skill level 5 in Fighting
  6770 | D:6      | Reached skill level 5 in Spellcasting
  6808 | D:6      | Reached * piety under Makhleb
  6808 | D:6      | Reached skill level 5 in Dodging
  6870 | D:7      | Noticed a hippogriff
  6880 | D:7      | Killed a hippogriff
  6880 | D:7      | Reached skill level 5 in Transmutations
  6880 | D:7      | Reached XP level 9. HP: 51/68 MP: 13/16
  7001 | D:7      | Found an opulent altar of Gozag.
  7214 | D:7      | Found a corrupted altar of Lugonu.
  7663 | D:7      | Got a crude spear
  7664 | D:7      | Identified the +10 spear "Wetiul" {pain, rC+ Str+4 Int+2} (You found it on level 7 of the Dungeon)
  7739 | D:7      | Found a transporter.
  7923 | D:7      | Noticed a purple ugly thing
  7924 | D:7      | Noticed a cyan ugly thing
  7925 | D:7      | Found a transporter.
  7925 | D:7      | Noticed a brown ugly thing
  7933 | D:7      | Mangled by a cyan ugly thing

Vault maps used:
D:1:      lightli_arrival_statuegarden, st_stairs_1, minmay_octomino_j4
D:2:      cheibrodos_helix_gallery, general_overflow_altar,
          nicolae_dithmenos_shadow_blocks, zin_scriptorium, first_bread,
          minivault_5, uniq_natasha, uniq_sigmund
D:4:      nicolae_overflow_hidden_temple, marbit_many_paths,
          minmay_temple_entry_poolview, minmay_checkerbox
D:5:      nemelex_xobeh_ov_fountains_minmay, ashenzari_altar_1, uniq_edmund
D:6:      vehumet_statue, dancing_weapons_uskayaw, roderic_lattice_a
D:7:      gammafunk_corrupted_shrine, old_standard_altar, grunt_livestock
Temple:   dpeg_chambers_temple

Skill      XL: |  1  2  3  4  5  6  7  8  9 |
---------------+----------------------------+-----
Dodging        | 2 3 4 5 6 |  6.0
Transmutations | 2 3 4 5 6 |  6.0
Unarmed Combat | 3 4 5 6 |  6.3
Fighting       | 2 3 4 5 6 |  6.3
Spellcasting   | 3 4 5 6 |  6.1

Action                   |  1- 3 |  4- 6 |  7- 9 || total
-------------------------+-------+-------+-------++-------
Melee: Unarmed           |   180 |   138 |   339 ||   657
       Headbutt          |     9 |     6 |     1 ||    16
       Kick              |     4 |    12 |    24 ||    40
       Punch             |       |     2 |     4 ||     6
 Cast: Beastly Appendage |    13 |    16 |    10 ||    39
       Spider Form       |     2 |     8 |    29 ||    39
       Sticks to Snakes  |     2 |       |       ||     2
       Blade Hands       |       |       |     2 ||     2
  Use: Scroll            |     5 |     1 |    13 ||    19
       Potion            |       |       |     1 ||     1
 Stab: Sleeping          |       |     1 |       ||     1
       Distracted        |       |       |     1 ||     1
  Eat: Chunk             |     2 |    14 |    18 ||    34
       Royal jelly       |     1 |       |       ||     1
Armor: Robe              |    51 |    16 |    20 ||    87
       Skin              |       |     1 |     7 ||     8
Dodge: Dodged            |   131 |    90 |   275 ||   496

Table legend:
 A = Spawn XP
 B = Non-spawn XP
 C = Spawn XP percentage of total XP
 D = Spawn monster count
 E = Non-spawn monster count
 F = Spawn count percentage of total count
 G = Total turns spent on level
                    A         B        C        D         E        F      G
               +---------+---------+-------+---------+---------+-------+---------
         Total |       0 |    5153 |   0.0 |       0 |     162 |   0.0 |  7933
               +---------+---------+-------+---------+---------+-------+---------
           D:1 |       0 |      55 |   0.0 |       0 |      36 |   0.0 |  1369
           D:2 |       0 |     381 |   0.0 |       0 |      19 |   0.0 |  1362
           D:3 |       0 |      62 |   0.0 |       0 |      23 |   0.0 |   756
           D:4 |       0 |     570 |   0.0 |       0 |      17 |   0.0 |   668
           D:5 |       0 |     494 |   0.0 |       0 |      15 |   0.0 |  1392
           D:6 |       0 |    1042 |   0.0 |       0 |      21 |   0.0 |  1064
           D:7 |       0 |    2549 |   0.0 |       0 |      31 |   0.0 |  1068
               +---------+---------+-------+---------+---------+-------+---------
